 Dungeon Crawl Stone Soup version 0.27.1-33-g824d729ab1 (webtiles) character file.

Game seed: 13740322449802976171

179 Teslajakalope the Covered (level 5, -2/47 HPs)
             Began as a Minotaur Fighter on Dec 31, 2021.
             Slain by an orc priest (6 damage)
             ... on level 3 of the Dungeon.
             The game lasted 00:04:30 (2202 turns).

Teslajakalope the Covered (Minotaur Fighter)        Turns: 2202, Time: 00:04:31

Health: -2/47      AC:  7    Str: 22    XL:     5   Next: 33%
Magic:  4/4        EV:  7    Int:  5    God:
Gold:   117        SH:  0    Dex:  9    Spells: 4/4 levels left

rFire    x . .     SeeInvis .   a - +0 war axe
rCold    + . .     Faith    .   c - +0 kite shield
rNeg     . . .     Spirit   .   b - +0 scale mail
rPois    .         Reflect  .   (helmet restricted)
rElec    .         Harm     .   (no cloak)
rCorr    .         Rampage  .   (no gloves)
Will     .....                  (no boots)
Stlth    ..........             (no amulet)
HPRegen  0.15/turn              i - ring of ice
MPRegen  0.09/turn              (no ring)

@: confused
A: horns 2, retaliatory headbutt
a: no special abilities


You were on level 3 of the Dungeon.
You visited 1 branch of the dungeon, and saw 3 of its levels.

You collected 137 gold pieces.
You spent 20 gold pieces at shops.

Inventory:

Hand Weapons
 a - a +0 war axe (weapon)
Missiles
 m - 4 atropa-tipped darts (quivered)
Armour
 b - a +0 scale mail (worn)
 c - a +0 kite shield (worn)
Jewellery
 i - a ring of ice (left hand)
Scrolls
 e - a scroll of brand weapon {unknown}
 h - 2 scrolls of identify
 j - 2 scrolls of teleportation {unknown}
 l - a scroll of immolation {unknown}
Potions
 d - a potion of might
 f - a potion of mutation {unknown}
 g - 2 potions of curing {unknown}
 k - a potion of lignification {unknown}


   Skills:
 + Level 4.6 Fighting
 + Level 4.1 Axes
 + Level 5.0 Armour
 + Level 0.3 Dodging
 + Level 4.4 Shields


You had 4 spell levels left.
You didn't know any spells.
Your spell library was empty.

Dungeon Overview and Level Annotations

Branches:
Dungeon (3/15)

Altars:
Nemelex Xobeh

Shops:
D:1 *


Innate Abilities, Weirdness & Mutations

You have a pair of horns on your head.
You reflexively headbutt those who attack you in melee.


Message History

Things that are here:
a +0 dagger; an orc corpse You hit the worm.
The worm is lightly wounded.
You block the worm's attack.
The orc priest invokes the aid of Beogh against you.
Beogh smites you!
You hit the worm. You headbutt the worm!
The worm is severely wounded.
You hit the orc wizard but do no damage.
The orc wizard casts a spell at you.
You are confused.
The worm bites you!
Your shield and scale mail prevent you from hitting the worm.
The worm is severely wounded.
You miss the orc wizard.
The orc wizard hits you but does no damage.
The worm bites you but does no damage.
The orc wizard hits you but does no damage.
You bump into the rock wall.
The orc wizard hits you with a +0 dagger.
The worm bites you but does no damage.
You miss the orc wizard. You slash the worm!
You kill the worm!
The orc wizard gestures at you while chanting.
The magic dart hits you!
You bump into the rock wall.
The orc wizard hits you with a +0 dagger.
* * * LOW HITPOINT WARNING * * *
The orc priest hits you with a +0 flail.
* * * LOW HITPOINT WARNING * * *
You closely miss the orc priest. You headbutt the orc priest.
The orc priest is moderately wounded.
You miss the orc wizard.
The orc wizard hits you with a +0 dagger.
* * * LOW HITPOINT WARNING * * *
The orc priest hits you but does no damage.
The orc wizard hits you but does no damage.
The orc priest hits you with a +0 flail.
You die...

#.# #.# #
#.#####.###### .#
#............####.#
#####.............#
#.#.####......#
#.#.# #....#.#
#.#.# #.#.## ..#.#
#.#.# ....# #.)@#
###### ##oo# #..#
#..# #... ..## #.
..


You could see an orc priest and an orc wizard.

Vanquished Creatures
  An orc priest (D:3)
  An iguana (D:3)
  An orc wizard (D:3)
  3 adders (D:2)
  2 worms
  2 dart slugs (D:1)
  6 orcs (D:3)
  4 ball pythons
  3 bats
  10 endoplasms
  2 giant cockroaches (D:1)
  5 goblins
  5 hobgoblins
  4 kobolds
  3 quokkas
  A frilled lizard (D:1)
  A rat (D:2)
54 creatures vanquished.

Notes
Turn   | Place    | Note
-------+----------+-------------------------------------------
     0 | D:1      | Teslajakalope the Minotaur Fighter began the quest for the
                  | Orb.
     0 | D:1      | Reached XP level 1. HP: 19/19 MP: 0/0
   133 | D:1      | Reached XP level 2. HP: 27/27 MP: 1/1
   377 | D:1      | Reached skill level 4 in Armour
   764 | D:1      | Reached XP level 3. HP: 33/33 MP: 2/2
   875 | D:1      | Found Beluppeeli's General Store.
   899 | D:1      | Bought a scroll of identify for 20 gold pieces
  1040 | D:2      | Found a sparkling altar of Nemelex Xobeh.
  1205 | D:2      | Found a faded altar of an unknown god.
  1513 | D:2      | Reached XP level 4. HP: 39/40 MP: 3/3
  2106 | D:3      | Reached skill level 5 in Armour
  2106 | D:3      | Reached XP level 5. HP: 44/46 MP: 4/4
  2202 | D:3      | Slain by an orc priest

Illustrated notes

Levels and vault maps discovered:
D:1:      scummos_arrival_hexagon, layout_loops_cross, serial_shops,
          nicolae_shop_statue_plus
D:2:      layout_loops_ring, basic_altar,
          shapermc_ecumenical_altar_starsandcircs
D:3:      layout_loops_ring, mainiacjoe_overflow_alcove_1,
          kennysheep_generic_room_6

Skill      XL: |  1  2  3  4 |
---------------+-------------+-----
Armour         | 4 5 |  5.0
Shields        | 4 |  4.4
Fighting       | 4 |  4.6
Axes           | 3 4 |  4.1
Dodging        | |  0.3

Action                   |  1- 3 |  4- 6 || total
-------------------------+-------+-------++-------
Melee: War axe           |    75 |    50 ||   125
       Headbutt          |    14 |     7 ||    21
Armor: Scale mail        |    37 |    14 ||    51
Dodge: Dodged            |    26 |    16 ||    42
Block: Kite shield       |    37 |    17 ||    54
